 Dungeon Crawl Stone Soup version 0.27-a0-789-g6bb3289e1e (webtiles) character file.

Game seed: 17534969523612244643

260 dolemite99 the Cutter (level 5, 0/38 HPs)
             Began as a Demonspawn Brigand on Mar 27, 2021.
             Slain by a kobold brigand
             ... wielding a +0 short sword
              (4 damage)
             ... on level 4 of the Dungeon.
             The game lasted 00:05:42 (3913 turns).

dolemite99 the Cutter (Demonspawn Brigand)          Turns: 3913, Time: 00:05:43

Health: 0/38       AC:  7    Str: 13    XL:     5   Next: 95%
Magic:  5/5        EV: 10    Int: 12    God:
Gold:   145        SH:  0    Dex: 14    Spells: 4/4 levels left

rFire    . . .     SeeInvis .   a - +1 dagger (venom)
rCold    . . .     Faith    .   (no shield)
rNeg     . . .     Spirit   .   i - +0 ring mail
rPois    .         Reflect  .   f - +0 helmet
rElec    .         Harm     .   c - +0 cloak
rCorr    .         Rampage  .   (no gloves)
Will     .....                  (no boots)
Stlth    ++........             (no amulet)
HPRegen  0.12/turn              x - ring of wizardry
MPRegen  0.18/turn              (no ring)

@: lethally poisoned (0 -> -5)
A: powered by death 1, magic regeneration
a: no special abilities


You were on level 4 of the Dungeon.
You visited 1 branch of the dungeon, and saw 4 of its levels.

You collected 145 gold pieces.

Inventory:

Hand Weapons
 a - a +1 dagger of venom (weapon)
 r - a +3 dire flail
 u - a +2 dagger
Missiles
 h - 49 arrows
 l - 38 stones
 m - a curare-tipped dart
 w - 11 poisoned darts (quivered)
Armour
 b - a +0 robe
 c - a +0 cloak (worn)
 f - a +0 helmet (worn)
 i - a +0 ring mail (worn)
Jewellery
 x - a ring of wizardry (right hand)
Wands
 n - a wand of paralysis (9)
Scrolls
 e - a scroll of teleportation {unknown}
 g - a scroll of enchant armour {unknown}
 k - 2 scrolls of identify {unknown}
 t - a scroll of noise {unknown}
 v - a scroll of summoning {unknown}
Potions
 d - a potion of flight {unknown}
 j - a potion of attraction {unknown}
 o - a potion of haste {unknown}
 p - 2 potions of heal wounds {unknown}
 q - a potion of curing {unknown}
 s - a potion of resistance {unknown}
 z - a potion of magic {unknown}


   Skills:
 - Level 2.0 Fighting
 + Level 5.7 Short Blades
 - Level 1.7 Throwing
 - Level 0.8 Dodging
 - Level 3.6 Stealth


You had 4 spell levels left.
You didn't know any spells.
Your spell library was empty.

Dungeon Overview and Level Annotations

Branches:
Dungeon (4/15)
 Temple: D:4-7

Altars:
Qazlal
Ru
Vehumet

Shops:
D:4 [


Innate Abilities, Weirdness & Mutations

You regenerate a little health from kills.
You regenerate magic rapidly.


Message History

The poisoned dart hits you!
You are poisoned.
You feel very sick.
The kobold brigand throws a poisoned dart.
The poisoned dart hits you!
You are more poisoned.
You see here 10 gold pieces.
You throw a poisoned dart.
The poisoned dart hits the kobold brigand.
The kobold brigand is poisoned.
You feel extremely sick.
You hit the kobold but do no damage.
The kobold is poisoned.
You feel sick. The kobold barely misses you. The adder closely misses you.
You hit the adder but do no damage.
The adder is poisoned.
You feel sick.
The kobold brigand throws a poisoned dart.
The poisoned dart hits you!
You are more poisoned.
The adder barely misses you.
You completely miss the kobold.
You feel very sick.
The kobold hits you with a +0 short sword.
You closely miss the adder.
The adder is moderately wounded.
You feel sick. The adder closely misses you.
The kobold hits you but does no damage.
The kobold brigand hits you with a +0 short sword.
The adder bites you.
You are more poisoned.
The adder poisons you!
You hit the kobold.
The kobold looks as sick as possible!
The kobold is severely wounded.
* * * LOW HITPOINT WARNING * * *
You feel extremely sick.
You kill the kobold!
You hit the adder.
The adder looks as sick as possible!
The adder is severely wounded.
* * * LOW HITPOINT WARNING * * *
You feel sick. The adder closely misses you.
The kobold brigand hits you with a +0 short sword.
You die...

#.... #..... .
#....############## ...
#..[.##.....#.....##<....
#...##.........@S...∩...
##...##.........K).......
#.................(......
#........................
.........................
###.####.####.....##.....
#.....##...##.....# #####
.......#...........
.......#...........


You could see a kobold brigand (poisoned) and an adder (extremely poisoned).

Vanquished Creatures
  3 wights (D:3)
  2 orc wizards (D:3)
  An adder (D:2)
  A worm (D:3)
  7 orcs
  8 endoplasms
  6 giant cockroaches
  2 goblins
  2 hobgoblins (D:3)
  4 jackals (D:1)
  6 kobolds
  4 quokkas
  7 ball pythons
  7 bats
  3 frilled lizards
  4 rats
67 creatures vanquished.

Notes
Turn   | Place    | Note
-------+----------+-------------------------------------------
     0 | D:1      | dolemite99 the Demonspawn Brigand began the quest for the
                  | Orb.
     0 | D:1      | Reached XP level 1. HP: 16/16 MP: 1/1
    91 | D:1      | Reached skill level 2 in Short Blades
   199 | D:1      | Gained mutation: You regenerate magic rapidly. [demonic
                  | ancestry]
   199 | D:1      | Reached XP level 2. HP: 3/22 MP: 2/2
  1092 | D:1      | Reached skill level 3 in Short Blades
  1524 | D:2      | Gained mutation: You regenerate a little health from kills.
                  | [demonic ancestry]
  1524 | D:2      | Reached XP level 3. HP: 23/27 MP: 3/3
  2543 | D:3      | Reached skill level 4 in Short Blades
  2543 | D:3      | Reached XP level 4. HP: 33/33 MP: 4/4
  2548 | D:3      | Reached XP level 5. HP: 38/38 MP: 5/5
  2556 | D:3      | Reached skill level 5 in Short Blades
  2810 | D:3      | Found a radiant altar of Vehumet.
  3100 | D:3      | Found a stormy altar of Qazlal.
  3103 | D:3      | Noticed a water elemental
  3104 | D:3      | Noticed an air elemental
  3104 | D:3      | Noticed a fire elemental
  3880 | D:4      | Found a sacrificial altar of Ru.
  3902 | D:4      | Found Jomnocim's Antique Armour Boutique.
  3913 | D:4      | Slain by a kobold brigand

Illustrated notes

Levels and vault maps discovered:
D:1:      mrwooster_arrival_statue_3, layout_rooms, serial_curves,
          eino_curves_04, eino_curves_01
D:2:      layout_basic
D:3:      layout_loops_ring, vehumet_crystals, nicolae_qazlal_style_of_elements,
          serial_glass, glass_columns_b, glass_columns_a, glass_columns_b,
          glass_columns_a, glass_columns_c, glass_columns_a,
          minmay_fractal_squares_5
D:4:      layout_gridville, old_standard_altar, serial_shops, shop, uniq_sigmund

Skill      XL: |  1  2  3  4  5 |
---------------+----------------+-----
Short Blades   | 2 3 4 5 |  5.7
Fighting       | |  2.0
Throwing       | |  1.7
Dodging        | |  0.8
Stealth        | |  3.6

Action                   |  1- 3 |  4- 6 || total
-------------------------+-------+-------++-------
Melee: Dagger            |   100 |    74 ||   174
Throw: Dart              |   117 |    11 ||   128
       Stone             |     2 |    13 ||    15
Evoke: Wand              |     2 |     3 ||     5
 Stab: Paralysed         |     1 |     2 ||     3
Armor: Robe              |     9 |       ||     9
       Ring mail         |    24 |    21 ||    45
Dodge: Dodged            |    38 |    22 ||    60

Table legend: (Time is in decaauts)
 A = Elapsed time spent in this place.
 B = Non-inter-level travel time spent in this place.
 C = Inter-level travel time spent in this place.
 D = Time resting spent in this place.
 E = Time spent auto-exploring this place.
 F = Levels seen in this place.
 G = Mean time per level.
                   A        B        C        D        E       F      G
               +--------+--------+--------+--------+--------+-----+--------+
         Total |   3866 |   3733 |    133 |   1271 |   1550 |   4 |  966.5 |
       Dungeon |   3866 |   3733 |    133 |   1271 |   1550 |   4 |  966.5 |
               +--------+--------+--------+--------+--------+-----+--------+

Top non-repeatable levels by time:
     D:1: 1486 daAuts
     D:3: 1449 daAuts
     D:2: 794 daAuts
     D:4: 136 daAuts
